 Dungeon Crawl Stone Soup version 0.31-a0-1603-gbec6b6ccbf (webtiles) character file.

Game seed: 15550052620667896922

600229 anacleto the Wrestler (level 26, 0/296 HPs)
             Began as a Troll Gladiator on Jan 7, 2024.
             Was a High Priest of the Shining One.
             Slain by a Killer Klown
             ... wielding a +11 heavy club
              (4 damage)
             ... on level 5 of the Realm of Zot.
             The game lasted 04:59:14 (77182 turns).

anacleto the Wrestler (Troll Gladiator)            Turns: 77182, Time: 04:59:20

Health: 0/296      AC: 44    Str: 45 (49) XL:     26   Next: 46%
Magic:  0/32       EV:  6    Int: -1 (7)  God:    the Shining One [*****.]
Gold:   2887       SH:  0    Dex:  7 (11) Spells: 25/25 levels left

rFire   + .          .
                       - Unarmed
rCold   . . .        P - +2 kite shield "Hugaumm" {rC+ Slay+2}
rNeg    + + +        s - melded +1 gold dragon scales
rPois   ∞            A - +0 hat "Faezxaex" {rCorr Str+4}
rElec   +            O - +2 cloak of Tomorrow {Str+2}
rCorr   +            (gloves unavailable)
SInv    +            (boots unavailable)
Will    +....        Q - brooch of Shielding {Spirit SH+8} Stlth
                     h - ring of the Curious Queens {rF+ AC+4}
HPRegen 1.49/turn    b - ring "Ocuzif" {Str+6 Int+3 SInv}
MPRegen 0.23/turn

%: random rage (9%), guardian spirit
@: statue-form, silenced (expiring), held, slowed, lost intelligence, glowing,
studying 2 skills, unable to read, very slow
A: slow and powerful, torment resistance 1, boosted hp, large, unfitting armour,
claws 3, regeneration 1, (shaggy fur 1), (tough skin 1), berserk 2, frail 2,
cold vulnerability 1, inability to drink after injury 1
}: 3/15 runes: barnacled, silver, gossamer
a: Begin Untransformation, Renounce Religion


You were on level 5 of the Realm of Zot.
You worshipped the Shining One.
The Shining One was extremely pleased with you.
You were a living statue of rough stone.
You visited 11 branches of the dungeon, and saw 51 of its levels.
You also visited: Bailey and Gauntlet.

You collected 8742 gold pieces.
You spent 5855 gold pieces at shops.

Inventory:

Missiles
 c - 10 throwing nets
 i - 26 boomerangs
 w - 5 curare-tipped darts
 x - 3 darts of dispersal
 C - 17 atropa-tipped darts
 D - 23 datura-tipped darts
 G - 10 silver javelins
 K - 35 javelins
 W - 127 large rocks (quivered)
Armour
 s - +1 gold dragon scales (melded)
 A - the +0 hat "Faezxaex" (worn) {rCorr Str+4}
   (You acquired it on level 1 of the Shoals)

   Str+4:     It affects your strength (+4).
   rCorr:     It protects you from acid and corrosion.
 O - the +2 cloak of Tomorrow (worn) {Str+2}
   (You found it on level 4 of the Depths)

   Str+2:     It affects your strength (+2).
 P - the +2 kite shield "Hugaumm" (worn) {rC+ Slay+2}
   (You acquired it on level 3 of the Crypt)

   Slay+2:    It affects your accuracy & damage with ranged weapons and melee
   (+2).
   rC+:       It protects you from cold.
Jewellery
 b - the ring "Ocuzif" (right claw) {Str+6 Int+3 SInv}
   (You bought it in a shop on level 1 of the Elven Halls)

   [ring of strength]

   Str+6:     It affects your strength (+6).
   Int+3:     It affects your intelligence (+3).
   SInv:      It lets you see invisible.
 h - the ring of the Curious Queens (left claw) {rF+ AC+4}
   (You found it in a Gauntlet)

   [ring of protection]

   AC+4:      It affects your AC (+4).
   rF+:       It protects you from fire.
 y - an amulet of regeneration
 Q - the brooch of Shielding (around neck) {Spirit SH+8}
   (You found it in a Gauntlet)

   [amulet of guardian spirit]

   Spirit:    It causes incoming damage to be divided between your reserves of
   health and magic.
   SH+8:      It affects your SH (+8).
Talismans
 m - a granite talisman (active)
Wands
 a - a wand of polymorph (5)
 d - a wand of roots (45)
 l - a wand of digging (4)
 r - a wand of charming (15)
 H - a wand of quicksilver (18)
 M - a wand of flame (36)
Scrolls
 j - a scroll of enchant armour
 n - 11 scrolls of butterflies
 o - 5 scrolls of teleportation
 p - 15 scrolls of poison
 u - 2 scrolls of enchant weapon
 E - 3 scrolls of revelation
 F - 6 scrolls of vulnerability
 J - 8 scrolls of fog
 L - 12 scrolls of fear
 N - 3 scrolls of silence
 S - 6 scrolls of blinking
 V - 9 scrolls of immolation
Potions
 e - 22 potions of curing
 f - 6 potions of ambrosia
 q - 11 potions of lignification
 t - 4 potions of resistance
 v - 8 potions of mutation
 B - 2 potions of cancellation
 T - 2 potions of heal wounds
 U - 4 potions of enlightenment
 X - 5 potions of haste
 Y - 7 potions of attraction
 Z - 3 potions of might
Miscellaneous
 g - a condenser vane
 k - a phial of floods
 z - a phantom mirror
 I - a lightning rod (4/4)
 R - a sack of spiders


   Skills:
 * Level 20.9 Fighting
 + Level 17.8 Throwing
 + Level 9.7 Armour
 + Level 10.2 Dodging
 * Level 24.4 Unarmed Combat
 - Level 13.9 Invocations
 * Level 24.3 Shapeshifting


You had 25 spell levels left.
You didn't know any spells.
Your spell library contained the following spells:

 Spells                   Type           Power      Damage    Failure   Level
 Apportation              Tloc           0%         N/A       77%         1
 Foxfire                  Conj/Fire      0%         2x1d4     77%         1
 Necrotise                Necr           0%         1d4       77%         1
 Sandblast                Erth           0%         2d4       77%         1
 Shock                    Conj/Air       0%         1d3       77%         1
 Sting                    Conj/Alch      0%         1d3       77%         1
 Summon Small Mammal      Summ           0%         N/A       77%         1
 Blink                    Tloc           0%         N/A       88%         2
 Ensorcelled Hibernation  Hex/Ice        0%         N/A       88%         2
 Jinxbite                 Hex            0%         N/A       88%         2
 Lesser Beckoning         Tloc           0%         N/A       88%         2
 Momentum Strike          Conj/Tloc      0%         3d8       88%         2
 Scorch                   Fire           0%         2d5       88%         2
 Call Canine Familiar     Summ           0%         N/A       98%         3
 Fugue of the Fallen      Necr           0%         N/A       98%         3
 Inner Flame              Hex/Fire       0%         N/A       98%         3
 Ozocubu's Armour         Ice            0%         N/A       98%         3
 Passwall                 Erth           0%         N/A       98%         3
 Sigil of Binding         Hex            0%         N/A       98%         3
 Stone Arrow              Conj/Erth      0%         3d7       98%         3
 Swiftness                Air            0%         N/A       98%         3
 Tukima's Dance           Hex            0%         N/A       98%         3
 Airstrike                Air            0%         2d(0-16)  100%        4
 Anguish                  Hex/Necr       0%         N/A       100%        4
 Animate Armour           Summ/Erth      0%         N/A       100%        4
 Animate Dead             Necr           0%         N/A       100%        4
 Brom's Barrelling Bould  Conj/Erth      0%         2d3       100%        4
 Cause Fear               Hex            0%         N/A       100%        4
 Dimensional Bullseye     Hex/Tloc       0%         N/A       100%        4
 Flame Wave               Conj/Fire      0%         2d4       100%        4
 Ignite Poison            Fire/Alch      0%         N/A       100%        4
 Iskenderun's Mystic Bla  Conj/Tloc      0%         2d3       100%        4
 Manifold Assault         Tloc           0%         N/A       100%        4
 Olgreb's Toxic Radiance  Alch           0%         N/A       100%        4
 Passage of Golubria      Tloc           0%         N/A       100%        4
 Petrify                  Alch/Erth      0%         N/A       100%        4
 Sticky Flame             Fire/Alch      0%         2d4       100%        4
 Summon Blazeheart Golem  Fire/Summ      0%         N/A       100%        4
 Vhi's Electric Charge    Tloc/Air       0%         N/A       100%        4
 Alistair's Intoxication  Alch           0%         N/A       100%        5
 Arcjolt                  Conj/Air       0%         1d10      100%        5
 Borgnjor's Vile Clutch   Necr/Erth      0%         N/A       100%        5
 Fireball                 Conj/Fire      0%         3d3       100%        5
 Freezing Cloud           Conj/Ice/Air   0%         6-21      100%        5
 Irradiate                Conj/Alch      0%         3d11      100%        5
 Iskenderun's Battlesphe  Conj           0%         2d6       100%        5
 Metabolic Englaciation   Hex/Ice        0%         N/A       100%        5
 Silence                  Hex/Air        0%         N/A       100%        5
 Summon Forest            Summ/Tloc      0%         N/A       100%        5
 Conjure Ball Lightning   Conj/Air       0%         3x3d6     100%        6
 Dispersal                Tloc           0%         N/A       100%        6
 Eringya's Noxious Bog    Alch           0%         4d6       100%        6
 Plasma Beam              Fire/Air       0%         2x1d10    100%        6
 Sculpt Simulacrum        Ice/Alch       0%         N/A       100%        6
 Starburst                Conj/Fire      0%         6d3       100%        6
 Summon Cactus Giant      Summ           0%         N/A       100%        6
 Enfeeble                 Hex            0%         N/A       100%        7
 Malign Gateway           Summ/Tloc      0%         N/A       100%        7
 Orb of Destruction       Conj           0%         9d5       100%        7
 Ozocubu's Refrigeration  Ice            0%         4d7       100%        7
 Spellforged Servitor     Conj/Summ      0%         N/A       100%        7
 Discord                  Hex            0%         N/A       100%        8
 Disjunction              Tloc           0%         N/A       100%        8
 Lehudib's Crystal Spear  Conj/Erth      0%         10d2      100%        8
 Chain Lightning          Conj/Air       0%         N/A       100%        9
 Fire Storm               Conj/Fire      0%         5d1       100%        9
 Polar Vortex             Ice            0%         N/A       100%        9
 Shatter                  Erth           0%         3d5*      100%        9
 Sublimation of Blood     Necr           Unusable   N/A       N/A         2

Dungeon Overview and Level Annotations

Branches:
Dungeon (15/15)            Temple (1/1) D:5            Lair (5/5) D:8
 Shoals (4/4) Lair:2       Spider (4/4) Lair:2        Slime (0/5) Lair:4
    Orc (2/2) D:10            Elf (3/3) Orc:2        Vaults (5/5) D:13
  Crypt (3/3) Vaults:2       Tomb (0/3) Crypt:3      Depths (4/4) D:15
    Zot (5/5) Depths:4     Bailey (visited)         Gauntlet (visited)

Altars:
Ashenzari
Cheibriados
Dithmenos
Elyvilon
Fedhas
Gozag
Hepliaklqana
Kikubaaqudgha
Makhleb
Nemelex Xobeh
Okawaru
Qazlal
Ru
Sif Muna
Trog
Uskayaw
Vehumet
Wu Jian
Xom
Yredelemnul
Zin
The Shining One
Jiyva

Shops:
D:9 ?   D:14 =   Orc:1 ?=((:   Orc:2 *?:[   Elf:1 :==   Elf:2 (   Shoals:1 ?
Vaults:3 ?   Vaults:4 :   Vaults:5 ?   Depths:4 !

Portals:
Hell: Depths:1 Depths:2 Depths:3 Depths:4
Abyss: Depths:2 Depths:3 Depths:4
Pandemonium: Depths:2
Ziggurat: Depths:4

Annotations:
D:13 3 runed translucent doors, Dodiz's ghost, journeyman BaFi


Innate Abilities, Weirdness & Mutations

You are a living statue of rough stone.
Your actions are slow, but your melee attacks are powerful.
You are resistant to unholy torment.
Your maximum health is greatly increased.
Your equipment is partially melded.
You are too large for most types of armour.
You are immune to poison.
You have claws for hands.
Your natural rate of healing is unusually fast.
((You are covered in fur. (AC +1)))
((You have tough skin. (AC +1)))
You have an uncontrollable temper.
You are very frail. (-20% HP)
You are vulnerable to cold. (rC-)
You occasionally lose the ability to drink potions when taking damage.


Message History

The klown pie hits you!!!
Raspberry!
You feel weakened.
You feel dopey.
You have lost your intelligence.
You feel clumsy.
* * * LOW HITPOINT WARNING * * *
The Orb Guardian hits you but does no damage.
Your daeva hits the Orb Guardian with a +3 eudemon blade of holy wrath!!
Your daeva hits the Orb Guardian with a +3 eudemon blade of holy wrath!
The Killer Klown pies you viciously!
The klown pie hits you but does no damage.
The Orb Guardian hits you but does no damage.
Your daeva hits the Orb Guardian with a +3 eudemon blade of holy wrath!
Your daeva hits the Orb Guardian with a +3 eudemon blade of holy wrath.
The Orb Guardian hits you but does no damage. x2
The Orb Guardian hits you!!
* * * LOW HITPOINT WARNING * * *
Your daeva hits the Orb Guardian with a +3 eudemon blade of holy wrath!
Your daeva hits the Orb Guardian with a +3 eudemon blade of holy wrath.
You can move again.
You cannot read scrolls in your current state!
You feel much better.
The Orb Guardian hits you but does no damage. x3
The Orb Guardian hits you!!
* * * LOW HITPOINT WARNING * * *
Your daeva calls down the wrath of the Shining One upon the Orb Guardian.
The Orb Guardian is smitten.
The Killer Klown karate-kicks you but does no damage.
Your daeva blocks the Orb Guardian's attack.
The Orb Guardian hits you but does no damage.
Your daeva hits the Orb Guardian with a +3 eudemon blade of holy wrath.
Your daeva hits the Orb Guardian with a +3 eudemon blade of holy wrath!
The Orb Guardian dies!
You feel your dexterity returning.
You struggle against the net.
The Orb Guardian hits you but does no damage.
The Killer Klown pies you viciously! The klown pie hits you!!
Blueberry!
An unnatural silence engulfs you.
* * * LOW HITPOINT WARNING * * *
The Orb Guardian hits you but does no damage.
The Killer Klown karate-kicks you with a +11 heavy club.
You die...

**,..........$.....,,,,,**
*,,................,,,,,,*
*,^.$..............,,,,,,**
**,..............^.,,,,,,**
**...........^....,,,,,,*,
*▓^..............,,,,,,,,
**................,,,,,,*,
**,................,,,,,,**
*,,......A8p.......,,,,,,**
*,,......DX......^.,,,,,,*
**,....^...........,,,,,**
**......X.........,,,***
*▓...............****
▓▓^...8##▓▓▓▓▓▓▓*▓▓**
*#......,,,,^,,,,,^.^##*
**.......,,,,,,,,,*#....#*
**,,,,,,,,,,,,,,,,,,**#...#


You could see a Killer Klown (ally target), a golden dragon, 2 Orb Guardians and
a friendly daeva (summoned).

Vanquished Creatures
  3 dread liches
  2 ancient liches
  2 orbs of fire (Zot:5)
  3 juggernauts (shapeshifter) (Zot:4)
  A juggernaut (Depths:3)
  A royal mummy (Crypt:1)
  The ghost of SlowGraham the Earth Mage, a veteran FoEE of Vehumet (Elf:1)
  2 shard shrikes (Zot:4)
  Bai Suzhen (Spider:4)
  2 curse toes
  8 golden dragons
  A bone dragon (Depths:3)
  A hellephant (Depths:1)
  An electric golem (Zot:5)
  14 tentacled monstrosities
  11 Orb Guardians (Zot:5)
  7 liches
  2 titans (Depths:2)
  A deep elf master archer (Elf:3)
  2 walking earthen tomes
  2 deep elf blademasters
  8 quicksilver dragons
  A walking frostbound tome (Depths:2)
  9 sphinxes
  Polyphemus (Shoals:4)
  2 ancient champions
  13 storm dragons
  9 tengu reavers
  9 death cobs
  Donald (Vaults:4)
  A rockslime (shapeshifter) (Zot:4)
  6 shadow dragons
  Roxanne (Spider:3)
  Aizul (Elf:2)
  4 draconian knights
  7 fire giants
  5 draconian monks
  5 draconian shifters
  2 emperor scorpions (Spider:4)
  21 frost giants
  An iron dragon (Depths:2)
  2 ghost moths (Spider:4)
  Louise (Shoals:2)
  7 protean progenitors
  2 balrugs (Crypt:3)
  13 vault wardens
  5 draconian scorchers
  6 ghouls (Crypt:2)
  11 ironbound preservers
  11 deep elf sorcerers
  5 draconian annihilators
  6 draconian stormcallers
  A juggernaut zombie (Depths:2)
  2 curse skulls
  6 orc warlords
  2 spriggan defenders (Depths:2)
  22 stone giants
  29 very ugly things
  A quicksilver ooze (Gauntlet)
  3 formless jellyfish
  9 vampire knights
  5 ironbound thunderhulks
  5 deep elf demonologists
  8 black draconians
  5 yellow draconians
  A dire elephant (shapeshifter) (Zot:4)
  6 deep elf death magi
  10 green draconians
  5 deep elf annihilators
  13 dire elephants
  10 spark wasps
  A minotaur (Gauntlet)
  7 white draconians
  Azrael (Spider:3)
  12 red draconians
  6 purple draconians
  7 war gargoyles
  A quicksilver dragon zombie (Depths:2)
  3 eidola
  5 merfolk impalers
  2 mummy priests (Crypt:1)
  2 entropy weavers
  9 fire dragons
  7 jiangshi
  10 ettins
  4 merfolk javelineers
  4 rakshasas
  3 deep elf high priests
  18 ice dragons
  12 yaktaur captains
  33 vault guards
  Fannar (D:12)
  5 great orbs of eyes
  4 merfolk avatars
  Harold (D:9)
  4 ogre magi
  5 peacekeepers
  6 hydras
  2 spriggan skeletons
  6 ironbound frosthearts
  2 radroaches
  2 boulder beetles
  3 spriggan air magi
  2 spectral stone giants (Crypt:1)
  2 catoblepae
  4 jorogumos
  6 merfolk aquamancers
  34 dancing weapons
  14 centaur warriors
  A spectral draconian (Crypt:1)
  19 death yaks
  5 tengu warriors
  An alligator snapping turtle (Shoals:4)
  5 satyrs
  6 deep troll shamans
  4 hell hogs
  11 deep troll earth magi
  19 two-headed ogres
  2 sphinx skeletons (Vaults:2)
  4 spriggan berserkers
  6 demonic crawlers
  3 occultists
  6 vampire magi
  A spectral dire elephant (Crypt:1)
  Sonja (Lair:1)
  A titan zombie (Crypt:1)
  An orc high priest (Elf:1)
  5 spriggans (Depths:2)
  17 hell knights
  4 sun demons
  17 deep elf knights
  3 skysharks
  22 skeletal warriors
  2 soul eaters (Crypt:2)
  A sea snake (shapeshifter) (Depths:1)
  41 deep trolls
  2 spectral anacondas (Crypt:1)
  An orb spider (shapeshifter) (Depths:1)
  2 shadow wraiths (Crypt:3)
  A storm dragon skeleton (Crypt:1)
  8 pharaoh ants
  5 glowing orange brains
  2 goliath frogs (Zot:4)
  11 sea snakes
  An anaconda zombie (Crypt:3)
  10 flayed ghosts
  6 orb spiders
  A spectral alligator (Crypt:1)
  9 iron trolls
  A spriggan simulacrum (Crypt:2)
  12 lindwurms
  A sun moth (Shoals:3)
  2 golden dragon skeletons (Crypt:3)
  4 steelbarb worms
  10 necromancers
  6 arcanists
  9 deep elf archers
  16 orc knights
  18 phantasmal warriors
  A steelbarb worm (shapeshifter) (Depths:1)
  2 spectral hydras (Crypt:1)
  45 deep elf pyromancers
  28 deep elf zephyrmancers
  A shadow dragon skeleton (Vaults:2)
  10 ironbound convokers
  4 orc sorcerers
  73 ugly things
  2 goliath frog zombies
  15 harpies
  2 oklob plants
  A stone giant zombie (Crypt:2)
  A wolf spider (shapeshifter) (Depths:4)
  29 fauns
  13 manticores
  Maurice (D:9)
  12 wolf spiders
  3 shining eyes (Zot:2)
  4 human skeletons (Vaults:2)
  15 moths of wrath
  7 merfolk sirens
  8 cyclopes
  3 fire giant skeletons
  Joseph (D:9)
  A dire elephant zombie (Crypt:1)
  9 meliai
  11 elephants
  2 smoke demons (Crypt:3)
  An eye of devastation (shapeshifter) (D:15)
  3 centaur zombies
  4 frost giant skeletons
  3 molten gargoyles (Lair:5)
  7 gargoyles
  7 water nymphs
  7 black mambas
  3 torpor snails
  An alligator snapping turtle zombie (Crypt:1)
  An ice statue (D:15)
  19 vault sentinels
  5 rime drakes
  A minotaur zombie (Gauntlet)
  Maggie (D:6)
  A yellow draconian zombie (Crypt:2)
  26 yaktaurs
  16 cane toads
  A sea snake zombie (Crypt:2)
  An efreet (D:15)
  2 kobold demonologists (D:10)
  2 freezing wraiths
  2 tengu conjurers
  14 komodo dragons
  A spark wasp simulacrum (Depths:2)
  A hydra zombie (Crypt:1)
  A yaktaur skeleton (Vaults:2)
  6 guardian mummies (Crypt:1)
  5 queen bees
  6 polar bears
  18 merfolk
  A white draconian skeleton (Crypt:1)
  10 trolls
  A raiju (shapeshifter) (Elf:1)
  12 tarantellas
  2 glass eyes (Depths:3)
  24 blink frogs
  8 wind drakes
  10 hornets
  10 snapping turtles
  A dream sheep (shapeshifter) (Depths:3)
  A culicivora zombie (Crypt:2)
  11 dream sheep
  2 spectral black mambas (Crypt:1)
  2 ettin skeletons
  35 slime creatures
  8 wraiths
  16 water elementals
  13 wyverns
  A satyr skeleton (Crypt:2)
  59 yaks
  17 jumping spiders
  20 culicivoras
  5 shadows
  An air elemental (Elf:2)
  A hog (D:12)
  12 vampires
  5 fire elementals
  Eustachio (D:4)
  6 basilisks
  3 wargs
  65 redbacks
  A harpy simulacrum (Crypt:1)
  2 steam dragons
  A human simulacrum (Vaults:1)
  7 vampire mosquitoes
  An acid dragon (D:10)
  A glowing shapeshifter zombie (Depths:2)
  4 hell hounds
  19 water moccasins
  A demonspawn skeleton (Crypt:1)
  A glowing shapeshifter skeleton (Vaults:1)
  A swamp worm (shapeshifter) (Depths:4)
  4 ice beasts
  25 orc warriors
  2 black bears
  4 small abominations (Gauntlet)
  13 laughing skulls
  28 ogres
  A boggart (Vaults:3)
  13 centaurs
  A wolf (shapeshifter) (Elf:2)
  11 wolves
  A torpor snail zombie (Crypt:1)
  2 phantoms
  8 kobold brigands
  2 human zombies (Vaults:1)
  9 bullfrogs
  2 necrophages (Crypt:2)
  A wyvern zombie (D:6)
  3 earth elementals
  2 gnoll sergeants
  3 scorpions
  A warg skeleton (Crypt:2)
  8 wights
  A yak zombie (Crypt:2)
  21 killer bees
  11 electric eels
  5 howler monkeys
  2 bombardier beetles
  5 lava snakes (Lair:5)
  4 hounds
  12 orc priests
  6 jellies
  A sleepcap (D:6)
  An iguana (D:6)
  16 orc wizards
  6 hell rats (Lair:3)
  A killer bee zombie (D:6)
  A sky beast zombie (Crypt:2)
  10 gnolls
  10 adders
  13 river rats (Lair:3)
  2 white imps (D:13)
  An ufetubus (D:13)
  An iguana skeleton (Crypt:1)
  A dart slug (D:1)
  5 ribbon worms
  78 orcs
  9 ball pythons
  5 endoplasms
  2 giant cockroaches
  13 goblins
  2 hobgoblins
  7 jackals
  9 quokkas
  3 bats
  3 frilled lizards (D:2)
  24 kobolds
  2 orc skeletons
  16 rats
2308 creatures vanquished.

Vanquished Creatures (collateral kills)
  Mara (Elf:3)
  Nikola (Spider:2)
  An Orb Guardian (Zot:5)
  A death cob (Zot:1)
  Kirke (D:12)
  An emperor scorpion (Spider:4)
  2 ghost moths (Spider:4)
  A black draconian (Zot:2)
  A spark wasp (Spider:4)
  A yellow draconian (Zot:1)
  A mummy priest (Crypt:1)
  A yaktaur captain (Vaults:5)
  An ogre mage (Orc:1)
  4 vault guards (Vaults:5)
  A boulder beetle (Spider:2)
  A spectral human (Crypt:1)
  A two-headed ogre (Orc:1)
  2 satyrs (Shoals:4)
  A spectral bunyip (Crypt:1)
  A spectral anaconda (Crypt:1)
  An orb spider (Spider:3)
  An obsidian statue (Crypt:1)
  2 deep elf pyromancers (Elf:3)
  A steelbarb worm (Spider:3)
  2 fauns (Shoals:4)
  A manticore (Shoals:4)
  A moth of wrath (Zot:1)
  A spectral centaur (Crypt:1)
  A merfolk siren (Shoals:4)
  2 guardian mummies (Crypt:1)
  A spectral harpy (Crypt:1)
  2 trolls (Orc:1)
  4 tarantellas (Spider:2)
  A spectral swamp dragon (Crypt:1)
  2 dream sheep (Shoals:4)
  A culicivora (Spider:2)
  2 jumping spiders
  A fire elemental (Spider:3)
  2 yaks (D:8)
  A redback (Spider:3)
  A hell hound (Spider:3)
  A kobold brigand (Bailey)
  An orc priest (D:8)
  A gnoll (D:7)
  A spectral weapon (Spider:2)
60 creatures vanquished.

Vanquished Creatures (others)
  Asterion (Spider:2)
  A draconian annihilator (Zot:1)
  2 deep elf pyromancers (Elf:3)
  A deep elf zephyrmancer (Elf:1)
  3 yaks (D:8)
  A hog (D:12)
  A human (D:12)
  A redback (Spider:2)
  3 orc warriors
14 creatures vanquished.

Grand Total: 2382 creatures vanquished

Notes
Turn   | Place    | Note
-------+----------+-------------------------------------------
     0 | D:1      | anacleto the Troll Gladiator began the quest for the Orb.
     0 | D:1      | Reached XP level 1. HP: 19/19 MP: 0/0
   176 | D:1      | Reached XP level 2. HP: 27/28 MP: 1/1
   210 | D:1      | Found a faded altar of an unknown god.
   939 | D:1      | You fall into a shaft and drop 1 floor!
  1252 | D:2      | Reached XP level 3. HP: 35/35 MP: 2/2
  1267 | D:2      | Reached skill level 1 in Shapeshifting
  1279 | D:2      | Reached XP level 4. HP: 31/44 MP: 3/3
  2086 | D:3      | Reached XP level 5. HP: 50/50 MP: 4/4
  2890 | D:4      | Noticed Eustachio
  2896 | D:4      | Killed Eustachio
  2897 | D:4      | Reached XP level 6. HP: 61/61 MP: 5/5
  3194 | D:4      | Reached skill level 5 in Unarmed Combat
  3508 | D:4      | Reached XP level 7. HP: 60/68 MP: 6/6
  3637 | D:5      | Entered Level 5 of the Dungeon
  3821 | D:5      | Identified the +4 falchion of the Imbibing Vulture {flame,
                  | rPois rC- Str+5 Int+2}
  3828 | D:5      | Found a staircase to the Ecumenical Temple.
  3833 | Temple   | Entered the Ecumenical Temple
  4033 | D:5      | Noticed a wyvern
  4050 | D:5      | Killed a wyvern
  4189 | D:5      | Reached XP level 8. HP: 79/79 MP: 7/7
  4554 | D:6      | Reached skill level 5 in Fighting
  4804 | D:6      | Found a glowing golden altar of the Shining One.
  4811 | D:6      | Became a worshipper of the Shining One
  4992 | D:6      | Found a radiant altar of Vehumet.
  5034 | D:6      | Noticed a two-headed ogre
  5044 | D:6      | Killed a two-headed ogre
  5045 | D:6      | Reached XP level 9. HP: 69/89 MP: 8/8
  5119 | D:6      | Noticed Maggie
  5129 | D:6      | Killed Maggie
  5130 | D:6      | Reached skill level 5 in Throwing
  5441 | D:7      | Reached * piety under the Shining One
  5467 | D:7      | Found a flagged portal.
  5476 | Bailey   | Entered a bailey
  5712 | Bailey   | Reached skill level 5 in Shapeshifting
  5744 | Bailey   | Reached XP level 10. HP: 91/102 MP: 9/9
  5892 | Bailey   | Found an iron altar of Okawaru.
  5907 | Bailey   | Identified the amulet of Apsilohu {Faith rElec Dex-4
                  | Slay+3}
  6223 | D:7      | Reached skill level 1 in Invocations
  6912 | D:8      | Found an iron altar of Okawaru.
  7108 | D:8      | Found a snail-covered altar of Cheibriados.
  7150 | D:8      | Found a hide-covered altar of Uskayaw.
  7441 | D:8      | Noticed a two-headed ogre
  7449 | D:8      | Killed a two-headed ogre
  7536 | D:8      | Found a staircase to the Lair.
  7652 | D:9      | Reached skill level 10 in Unarmed Combat
  7656 | D:9      | Noticed Harold
  7670 | D:9      | Killed Harold
  7791 | D:9      | Found Rele's Magic Scroll Shop.
  7799 | D:9      | Bought a scroll of identify for 26 gold pieces
  7799 | D:9      | Bought a scroll of blinking for 97 gold pieces
  7840 | D:9      | Reached XP level 11. HP: 111/111 MP: 12/12
  7891 | D:9      | Reached ** piety under the Shining One
  8075 | D:9      | Found an ornate altar of the Wu Jian Council.
  8076 | D:9      | Noticed Joseph
  8076 | D:9      | Noticed Maurice
  8077 | D:9      | Maurice stole an amulet of guardian spirit
  8078 | D:9      | Killed Maurice
  8083 | D:9      | Killed Joseph
  8296 | D:10     | Entered Level 10 of the Dungeon
  8382 | D:10     | Found a staircase to the Orcish Mines.
  8623 | D:10     | Noticed a two-headed ogre
  8647 | D:10     | Killed a two-headed ogre
  8687 | D:10     | Noticed a two-headed ogre
  8694 | D:10     | Killed a two-headed ogre
  9049 | D:10     | Noticed a deep elf pyromancer
  9059 | D:10     | Killed a deep elf pyromancer
  9119 | D:10     | Noticed a deep elf pyromancer
  9129 | D:10     | Killed a deep elf pyromancer
  9666 | D:11     | Noticed a green ugly thing
  9673 | D:11     | Killed a green ugly thing
  9764 | D:11     | Noticed a two-headed ogre
  9773 | D:11     | Killed a two-headed ogre
  9774 | D:11     | Reached skill level 5 in Invocations
  9946 | D:11     | Reached XP level 12. HP: 124/124 MP: 14/14
 10675 | D:12     | Found a gate leading to a gauntlet.
 10685 | Gauntlet | Entered a Gauntlet
 10685 | Gauntlet | Found a transporter.
 10685 | Gauntlet | Found a transporter.
 10699 | Gauntlet | Found a transporter.
 10721 | Gauntlet | Found a transporter.
 10724 | Gauntlet | Found a transporter.
 10787 | Gauntlet | Noticed a quicksilver ooze
 10796 | Gauntlet | Found a transporter.
 10798 | Gauntlet | Reached *** piety under the Shining One
 10824 | Gauntlet | Found a transporter.
 10830 | Gauntlet | Killed a quicksilver ooze
 10938 | Gauntlet | Found a transporter.
 10947 | Gauntlet | Found a transporter.
 10949 | Gauntlet | Noticed a great orb of eyes
 10961 | Gauntlet | Found a transporter.
 10963 | Gauntlet | Identified the +1 helmet of Levvyivi {Fly rPois rF- Stlth-}
 11019 | Gauntlet | Found a transporter.
 11019 | Gauntlet | Found the brooch of Shielding {Spirit SH+8}
 11020 | Gauntlet | Found a transporter.
 11025 | Gauntlet | Identified the ring of the Curious Queens {rF+ AC+4}
 11081 | Gauntlet | Found the +7 mace of Variability {chaos, chaos arc}
 11081 | Gauntlet | Noticed a minotaur
 11104 | Gauntlet | Killed a minotaur
 11219 | Gauntlet | Identified the ring "Memoa" {Str+3 Int+6}
 11219 | Gauntlet | Identified the +0 leather armour of Free Will {^Drain rPois
                  | rN+++ rCorr}
 11378 | D:12     | Noticed a two-headed ogre
 11396 | D:12     | Reached skill level 10 in Fighting
 11397 | D:12     | Killed a two-headed ogre
 11613 | D:12     | Noticed Kirke
 11638 | D:12     | Killed Kirke
 11911 | D:12     | Reached **** piety under the Shining One
 11977 | D:12     | Reached XP level 13. HP: 135/135 MP: 17/17
 12159 | D:12     | Noticed Fannar
 12395 | D:13     | Found a runed translucent gate.
 12395 | D:13     | Found a runed translucent gate.
 12396 | D:13     | Found a runed translucent gate.
 12506 | D:13     | Reached ***** piety under the Shining One
 12679 | D:12     | Killed Fannar
 13256 | D:13     | Found a gate to the Vaults.
 13856 | D:13     | Noticed Dodiz's ghost (journeyman BaFi)
 14012 | D:14     | Found Yjis Citz's Jewellery Shop.
 14198 | D:9      | Bought a scroll of acquirement for 676 gold pieces
 14203 | D:9      | Acquired 280 gold pieces
 14423 | Orc:1    | Entered Level 1 of the Orcish Mines
 14423 | Orc:1    | Found Momeac's Antique Weapon Emporium.
 14746 | Orc:1    | Found Onokhu's Antique Weapon Emporium.
 14752 | Orc:1    | Found Foituiru's Magic Scroll Boutique.
 14771 | Orc:1    | Found Nirolim's Assorted Antiques.
 14772 | Orc:1    | Bought a scroll of immolation for 56 gold pieces
 14772 | Orc:1    | Bought a scroll of identify for 28 gold pieces
 14772 | Orc:1    | Bought a scroll of immolation for 56 gold pieces
 14772 | Orc:1    | Bought a scroll of fog for 56 gold pieces
 14800 | Orc:1    | Found Yfocveanyss's Jewellery Shop.
 14841 | Orc:1    | Found Rahut's Book Emporium.
 15091 | Orc:2    | Entered Level 2 of the Orcish Mines
 15091 | Orc:2    | Found a staircase to the Elven Halls.
 15752 | Orc:1    | Reached XP level 14. HP: 56/146 MP: 0/20
 17223 | Orc:2    | Found Otuxkoqu's General Store.
 17224 | Orc:2    | Found Taraubin's Book Boutique.
 17230 | Orc:2    | Found Yxkiac's Antique Armour Shoppe.
 17238 | Orc:2    | Found Zafus's Magic Scroll Boutique.
 17282 | Orc:2    | Bought a scroll of identify for 28 gold pieces
 17282 | Orc:2    | Bought a scroll of identify for 28 gold pieces
 17282 | Orc:2    | Bought a scroll of identify for 28 gold pieces
 17282 | Orc:2    | Bought a scroll of teleportation for 42 gold pieces
 17282 | Orc:2    | Bought a scroll of blinking for 105 gold pieces
 17282 | Orc:2    | Bought a scroll of identify for 28 gold pieces
 17282 | Orc:2    | Bought a scroll of identify for 28 gold pieces
 17282 | Orc:2    | Bought a scroll of teleportation for 42 gold pieces
 17282 | Orc:2    | Bought a scroll of teleportation for 42 gold pieces
 17729 | D:14     | Reached skill level 10 in Invocations
 18523 | D:15     | Entered Level 15 of the Dungeon
 19353 | D:15     | Reached skill level 10 in Throwing
 19805 | D:15     | Reached skill level 15 in Unarmed Combat
 20157 | D:15     | Reached XP level 15. HP: 150/158 MP: 20/22
 20378 | D:15     | Found a staircase to the Depths.
 20428 | D:15     | Gained mutation: You are frail. (-10% HP) [a shining eye]
 20738 | Lair:1   | Entered Level 1 of the Lair of Beasts
 20978 | Lair:1   | Noticed Sonja
 20981 | Lair:1   | Killed Sonja
 22022 | Lair:2   | Found a hole to the Spider Nest.
 22948 | Lair:2   | Found a staircase to the Shoals.
 23302 | Lair:3   | Reached skill level 10 in Shapeshifting
 24451 | Lair:4   | Found a viscous altar of Jiyva.
 24451 | Lair:4   | Found a staircase to the Slime Pits.
 25208 | Lair:5   | Entered Level 5 of the Lair of Beasts
 26048 | Lair:5   | Reached XP level 16. HP: 148/153 MP: 22/24
 26632 | D:9      | Bought a scroll of revelation for 97 gold pieces
 26632 | D:9      | Bought a scroll of fear for 52 gold pieces
 26632 | D:9      | Bought a scroll of teleportation for 39 gold pieces
 26632 | D:9      | Bought 3 scrolls of fear for 156 gold pieces
 26632 | D:9      | Bought a scroll of enchant armour for 97 gold pieces
 27821 | Lair:5   | Found a large runed translucent door.
 27936 | Lair:5   | Found a large runed translucent door.
 28185 | Spider:1 | Entered Level 1 of the Spider Nest
 28224 | Spider:1 | Reached ****** piety under the Shining One
 29200 | Spider:2 | Noticed Asterion
 29208 | Spider:2 | Killed Asterion
 29289 | Spider:2 | Identified the +2 robe of Nemelex Xobeh's Fury {Fly rElec}
 29391 | Spider:2 | Noticed Nikola
 29403 | Spider:2 | Killed Nikola
 31837 | Depths:1 | Entered Level 1 of the Depths
 31853 | D:15     | Reached XP level 17. HP: 140/163 MP: 20/26
 33605 | Depths:1 | Identified the ring of Jeagoer {Ice Fly SInv}
 33759 | Depths:1 | Found a glowing golden altar of the Shining One.
 34032 | Depths:1 | Reached skill level 15 in Fighting
 34270 | Depths:1 | Reached skill level 1 in Armour
 34999 | Spider:3 | Noticed Azrael
 35006 | Spider:3 | Killed Azrael
 35355 | Spider:3 | Noticed Roxanne
 35401 | Spider:3 | Killed Roxanne
 36117 | Spider:4 | Entered Level 4 of the Spider Nest
 36185 | Spider:4 | Noticed Bai Suzhen
 37119 | Spider:4 | Killed Bai Suzhen
 37809 | Spider:4 | Reached XP level 18. HP: 146/173 MP: 0/27
 38446 | Spider:4 | Paralysed by a hornet for 1 turns
 38580 | Spider:4 | Got a gossamer rune of Zot
 39247 | Elf:1    | Entered Level 1 of the Elven Halls
 39540 | Elf:1    | Found Impifav's Book Emporium.
 39540 | Elf:1    | Found Zenn's Jewellery Boutique.
 39554 | Elf:1    | Found Lappod's Jewellery Boutique.
 39563 | Elf:1    | Bought the ring "Ocuzif" {Str+6 Int+3 SInv} for 856 gold
                  | pieces
 39912 | Elf:1    | Found a transporter.
 39918 | Elf:1    | Noticed SlowGraham's ghost (veteran FoEE)
 39945 | Elf:1    | Found a transporter.
 40231 | Elf:1    | Reached skill level 15 in Shapeshifting
 40542 | Elf:1    | Upgraded the game from 0.31-a0-1591-g515db51633 to
                  | 0.31-a0-1603-gbec6b6ccbf
 40825 | Elf:2    | Identified the +0 kite shield of the Black Moon {Str+3
                  | Dex+4 Slay-3}
 41116 | Elf:2    | Found a huge runed translucent gate.
 41116 | Elf:2    | Found a huge runed translucent gate.
 41116 | Elf:2    | Found a huge runed translucent gate.
 41116 | Elf:2    | Found a huge runed translucent gate.
 41119 | Elf:2    | Found a huge runed translucent gate.
 41160 | Elf:2    | Identified the +0 ring mail of Nezes {Str+4 Slay+2}
 41181 | Elf:2    | Found Korrukh's Weapon Boutique.
 41198 | Elf:2    | Bought 5 darts of dispersal for 72 gold pieces
 41703 | Elf:2    | Identified the serpent talisman of the Vaults {Stlth+}
 41703 | Elf:2    | Noticed Aizul
 41707 | Elf:2    | Killed Aizul
 42048 | Elf:2    | Identified the blade talisman of Pacrecli {rC+ rN+ Will+}
 42599 | Elf:3    | Entered Level 3 of the Elven Halls
 42692 | Elf:3    | Reached XP level 19. HP: 183/183 MP: 26/28
 42797 | Elf:3    | Noticed Mara
 42808 | Elf:3    | Killed Mara
 44372 | Elf:3    | Found the amulet of Vitality {RegenMP++ Regen++}
 44383 | Elf:3    | Got the Meditations on the Ouroboros and Movement
 45119 | Shoals:1 | Entered Level 1 of the Shoals
 45501 | Shoals:1 | Found Maroor's Magic Scroll Emporium.
 45512 | Shoals:1 | Bought a scroll of immolation for 60 gold pieces
 45512 | Shoals:1 | Bought a scroll of fog for 60 gold pieces
 45512 | Shoals:1 | Bought a scroll of teleportation for 45 gold pieces
 45696 | Shoals:1 | Acquired the +0 hat "Faezxaex" {rCorr Str+4}
 45719 | Shoals:1 | Acquired a manual of Shapeshifting
 46353 | Shoals:2 | Noticed Louise
 46359 | Shoals:2 | Killed Louise
 47317 | Shoals:3 | Reached XP level 20. HP: 193/193 MP: 29/29
 48001 | Shoals:4 | Entered Level 4 of the Shoals
 48278 | Shoals:4 | Got a barnacled rune of Zot
 48362 | Shoals:4 | Identified the +0 robe of Ufu Edgh {rElec rF- Str-4
                  | Archmagi}
 48536 | Shoals:4 | Noticed Polyphemus
 48548 | Shoals:4 | Killed Polyphemus
 48797 | Shoals:4 | Identified the +5 falchion of Inference {flame, rN+ Will++
                  | Str+2}
 49565 | Vaults:1 | Entered Level 1 of the Vaults
 50563 | Orc:2    | Bought a potion of attraction for 45 gold pieces
 51309 | Vaults:1 | Reached XP level 21. HP: 203/203 MP: 26/30
 51577 | Vaults:2 | Found a staircase to the Crypt.
 52539 | Vaults:2 | Paralysed by an orc sorcerer for 2 turns
 53060 | Vaults:3 | Found Noin's Magic Scroll Shop.
 53068 | Vaults:3 | Bought a scroll of poison for 64 gold pieces
 53068 | Vaults:3 | Bought a scroll of teleportation for 48 gold pieces
 53068 | Vaults:3 | Bought a scroll of teleportation for 48 gold pieces
 53775 | Vaults:3 | Reached skill level 5 in Dodging
 54265 | Vaults:4 | Noticed Donald
 54271 | Vaults:4 | Killed Donald
 54543 | Vaults:4 | Found Jaxufila's Book Emporium.
 54575 | Vaults:4 | Bought a manual of Throwing for 1520 gold pieces
 56426 | Vaults:4 | Reached XP level 22. HP: 213/213 MP: 22/31
 56811 | Vaults:5 | Entered Level 5 of the Vaults
 56830 | Vaults:5 | Noticed a golden dragon
 56907 | Vaults:5 | Noticed a golden dragon
 56913 | Vaults:5 | Killed a golden dragon
 56934 | Vaults:5 | Noticed a golden dragon
 56938 | Vaults:5 | Killed a golden dragon
 56945 | Vaults:5 | Reached skill level 5 in Armour
 57085 | Vaults:5 | Got a silver rune of Zot
 57128 | Vaults:5 | Killed a golden dragon
 57208 | Vaults:5 | Identified the +7 battleaxe of Qughaev {antimagic, rF+}
 57348 | Vaults:5 | Identified the ring "Gugarch" {Fly rF+}
 57567 | Vaults:5 | Found Ejyl's Magic Scroll Shop.
 57583 | Vaults:5 | Bought a scroll of poison for 68 gold pieces
 57583 | Vaults:5 | Bought a scroll of teleportation for 51 gold pieces
 57583 | Vaults:5 | Bought a scroll of poison for 68 gold pieces
 57583 | Vaults:5 | Bought a scroll of teleportation for 51 gold pieces
 57583 | Vaults:5 | Bought a scroll of poison for 68 gold pieces
 57583 | Vaults:5 | Bought a scroll of teleportation for 51 gold pieces
 57583 | Vaults:5 | Bought a scroll of immolation for 68 gold pieces
 57770 | Vaults:5 | Got the Discursus on Debased Mysteries and the Map
 57830 | Vaults:5 | Got Incantation, Part Four
 57957 | Vaults:5 | Noticed a dread lich
 57961 | Vaults:5 | Paralysed by a dread lich for 3 turns
 57964 | Vaults:5 | Killed a dread lich
 58452 | Crypt:1  | Entered Level 1 of the Crypt
 58480 | Crypt:1  | Paralysed by a vampire knight for 2 turns
 59067 | Crypt:1  | Reached XP level 23. HP: 224/224 MP: 32/32
 59556 | Crypt:1  | Noticed a royal mummy
 59558 | Crypt:1  | Identified the +4 chain mail of Meager the Good {Str+5}
 59563 | Crypt:1  | Killed a royal mummy
 60478 | Crypt:1  | Found an ancient bone altar of Kikubaaqudgha.
 60510 | Crypt:2  | Identified the +2 scale mail of Divine Intervention
                  | {Rampage *Slow Str+6 Stlth+}
 61181 | Crypt:3  | Entered Level 3 of the Crypt
 61438 | Crypt:3  | Acquired the +2 kite shield "Hugaumm" {rC+ Slay+2}
 61553 | Crypt:3  | Reached skill level 15 in Throwing
 61580 | Crypt:3  | Identified the +7 halberd "Wopis" {flame, rF+}
 62087 | Crypt:3  | Found an ancient bone altar of Kikubaaqudgha.
 62123 | Crypt:3  | Noticed an ancient lich
 62126 | Crypt:3  | Killed an ancient lich
 62249 | Crypt:3  | Found a staircase to the Tomb.
 62249 | Crypt:3  | Noticed a dread lich
 62252 | Crypt:3  | Killed a dread lich
 63724 | Depths:1 | Found a gateway to Hell.
 63820 | Depths:1 | Identified the +4 short sword of Ash {venom, rF+ Will++
                  | rCorr}
 63924 | Depths:1 | Identified the +4 battleaxe of Gusityn {freeze, rPois
                  | Dex+3}
 64633 | Depths:2 | Found a one-way gate leading to the halls of Pandemonium.
 64971 | Depths:2 | Identified the +9 short sword of the Threshing Gods {flame,
                  | *Corrode ^Drain rF+++ Dex+2}
 65020 | Depths:2 | Reached XP level 24. HP: 234/234 MP: 32/32
 65023 | Depths:2 | Found the +5 glaive of the Guard {elec, spectral}
 65053 | Depths:2 | Got the Compendium of the Transmuted Wind
 65526 | Depths:2 | Found a one-way gate to the infinite horrors of the Abyss.
 66975 | Depths:3 | Paralysed by a sphinx for 4 turns
 67811 | Depths:3 | Found a shadowy altar of Dithmenos.
 68064 | Depths:4 | Entered Level 4 of the Depths
 68242 | Depths:4 | Noticed a juggernaut
 68286 | Depths:3 | Killed a juggernaut
 68802 | Depths:4 | Found a gate to the Realm of Zot.
 68890 | Depths:4 | Found Vuqyps's Distillery.
 68900 | Depths:4 | Bought a potion of attraction for 69 gold pieces
 68900 | Depths:4 | Bought a potion of curing for 69 gold pieces
 68900 | Depths:4 | Bought a potion of resistance for 230 gold pieces
 68900 | Depths:4 | Bought a potion of might for 92 gold pieces
 68900 | Depths:4 | Bought a potion of haste for 230 gold pieces
 68900 | Depths:4 | Bought a potion of heal wounds for 115 gold pieces
 68971 | Depths:4 | Found a one-way gateway to a ziggurat.
 69010 | Depths:4 | Gained mutation: You occasionally lose the ability to drink
                  | potions when taking damage. [a shining eye]
 69011 | Depths:4 | Gained mutation: You sometimes lose your temper in combat.
                  | [a shining eye]
 69022 | Depths:4 | Identified the +2 cloak of Tomorrow {Str+2}
 69202 | Zot:1    | Entered Level 1 of the Realm of Zot
 69228 | Zot:1    | Reached XP level 25. HP: 245/245 MP: 29/32
 69293 | Zot:1    | Identified the +1 glaive "Ceximag" {vamp, Will+ Int+3}
 70966 | Elf:1    | Killed SlowGraham's ghost
 71001 | Elf:1    | Identified the +0 spear "Hisi" {pain, *Corrode Dex+5}
 73407 | Zot:2    | Gained mutation: You are very frail. (-20% HP) [a shining
                  | eye]
 73408 | Zot:2    | Gained mutation: Armour fits poorly on your strangely
                  | shaped body. [a shining eye]
 74874 | Zot:4    | Identified the +4 shortbow "Qaonon" {freeze, rC+ Int+5}
 75187 | Zot:4    | a shadow dragon changed into a juggernaut
 75187 | Zot:4    | Noticed a juggernaut (glowing shapeshifter)
 75191 | Zot:4    | Killed a juggernaut
 75571 | Zot:4    | Noticed a shard shrike
 75581 | Zot:4    | Identified the +8 scimitar "Ymidede" {freeze, rN+ Str+6}
 75581 | Zot:4    | Killed a shard shrike
 75849 | Zot:4    | Noticed a shard shrike
 75855 | Zot:4    | Killed a shard shrike
 75856 | Zot:4    | Reached XP level 26. HP: 227/227 MP: 29/32
 76378 | Zot:5    | Entered Level 5 of the Realm of Zot
 76969 | Zot:5    | Reached skill level 10 in Dodging
 77120 | Zot:5    | Noticed an orb of fire
 77123 | Zot:5    | Gained mutation: You have an uncontrollable temper. [an orb
                  | of fire]
 77123 | Zot:5    | Noticed an orb of fire
 77124 | Zot:5    | Noticed an orb of fire
 77125 | Zot:5    | Lost mutation: Armour fits poorly on your strangely shaped
                  | body. [an orb of fire]
 77126 | Zot:5    | Noticed an orb of fire
 77127 | Zot:5    | Noticed an orb of fire
 77131 | Zot:5    | Killed an orb of fire
 77138 | Zot:5    | Killed an orb of fire
 77139 | Zot:5    | Noticed a dread lich
 77147 | Zot:5    | Gained mutation: You are vulnerable to cold. (rC-) [an orb
                  | of fire]
 77147 | Zot:5    | Noticed an orb of fire
 77150 | Zot:5    | Noticed an ancient lich
 77151 | Zot:5    | Noticed a dread lich
 77157 | Zot:5    | Paralysed by a dread lich for 4 turns
 77163 | Zot:5    | Killed a dread lich
 77169 | Zot:5    | Killed an ancient lich
 77179 | Zot:5    | Lost intelligence.
 77182 | Zot:5    | HP: 4/296 [Killer Klown/klown pie (33)]
 77182 | Zot:5    | Slain by a Killer Klown

Illustrated notes

Levels and vault maps discovered:
D:1:      erik_arrival_cave_to_civilisation [erik_arrival_cave_to_hall],
          layout_basic, shapermc_ecumenical_altar_notcrosses, hex_tiny
D:2:      wad_pebble_path, layout_loops_ring, minmay_fractal_squares_5
D:3:      layout_basic, minivault_25
D:4:      layout_cave_pools, kennysheep_orc_chapel, uniq_eustachio
D:5:      layout_loops_cross, minmay_temple_entry_crystal_x
D:6:      layout_loops_ring, lemuel_doored_altar, marbit_many_paths,
          serial_undead, serial_undead_e, serial_undead_e, serial_undead_e,
          serial_undead_b, uniq_maggie
D:7:      layout_basic, enter_bailey_5
D:8:      layout_basic, mainiacjoe_overflow_large_starburst,
          mainiacjoe_overflow_six_doors_small, erik_lair_dragon
D:9:      layout_loops_cross, nicolae_wu_jian_immortal_techniques, serial_shops,
          nicolae_shop_crystal, minivault_26, uniq_harold, uniq_joseph,
          uniq_maurice
D:10:     layout_basic, kennysheep_orc_monster_closet_entryway, serial_library,
          serial_library_hellmonk_small_alcove,
          serial_library_hellmonk_reading_circle,
          serial_library_hellmonk_junction,
          serial_library_hellmonk_recessed_alcove,
          serial_library_regret_index_small_wings,
          serial_library_hellmonk_layered_room,
          serial_library_hellmonk_layered_room,
          serial_library_regret_index_headful
D:11:     layout_roguey
D:12:     layout_long_grid, gauntlet_entry_generic, uniq_fannar, uniq_kirke
D:13:     layout_rooms, erik_vaults_2, gammafunk_ghost_icy, serial_ice,
          serial_ice_k, serial_ice_m, serial_ice_d, serial_ice_h, serial_ice_a,
          serial_ice_b
D:14:     layout_roguey, hangedman_abyss_or_decor_stagger, serial_shops, shop
D:15:     hangedman_depths_entry_try_elsewhere_first, layout_loops_corners,
          minmay_misc_feat_cross, minivault_16
Temple:   compressed_dpeg_triangle_lava_temple
Lair:1:   layout_regular_city, uniq_sonja
Lair:2:   layout_chaotic_city, mainiacjoe_shoals_entry_four_pools,
          spider_nest_entry_rubble, serial_bayou_shore_a, lemuel_fruit_fields
Lair:3:   lemuel_ratsnest, layout_hall_layers, minmay_lair_oklob_bushes,
          infiniplex_staircase_pool_2
Lair:4:   layout_cave_pods, nicolae_slime_entry_field_trip, enter_volcano_2,
          grunt_megastairs_3
Lair:5:   cheibrodos_lair_end_hotspot, layout_hall_layers
Shoals:1: layout_shoals, serial_shops, nicolae_shop_tiny_waterfront,
          nicolae_shoals_water_shrine
Shoals:2: layout_shoals, uniq_louise
Shoals:3: layout_shoals, nicolae_shoals_bring_sunscreen
Shoals:4: shoals_end_grunt_garden, layout_shoals, uniq_polyphemus
Spider:1: layout_spider_delve
Spider:2: layout_cave_pods, uniq_nikola, uniq_asterion
Spider:3: layout_chambers, hive_lemuel, uniq_roxanne, uniq_azrael
Spider:4: spider_rune_water, uniq_bai_suzhen
Orc:1:    layout_caves, serial_shops, nicolae_shop_statue_plus, shop_fountains,
          nicolae_shop_peninsula, shop_scrolls, nicolae_shop_peninsula,
          minmay_shop_enchanted_jewellery
Orc:2:    st_orc_open, layout_caves, dreamdust_deal_with_the_devil
Elf:1:    layout_loops_corners, gammafunk_ghost_arena,
          hangedman_elven_crosses_minicolossus, minmay_shop_grove
Elf:2:    elven_hall_of_blades_hangedman_alternative
          [nicolae_blade_entry_floor_patterns], layout_geoelf_octagon,
          serial_shops, shop, uniq_aizul
Elf:3:    minmay_elf_hall_dome, layout_rooms, serial_sigils,
          serial_sigils_hangedman_shear, serial_sigils_hangedman_stare,
          serial_sigils_hangedman_snap, serial_sigils_hangedman_clutch,
          serial_sigils_hangedman_scar, grunt_ministairs_13,
          elves_outpost_lemuel, uniq_mara
Vaults:1: v_alt_pattern_5, nicolae_vaults_three_branches,
          nicolae_vaults_little_squares_4, nicolae_vaults_double_plus_2,
          v_misc_1, nicolae_vaults_ninety_degrees,
          nicolae_vaults_layer_cake_slice, hangedman_vaults_capsules,
          nicolae_vaults_specimen_jars, nicolae_vaults_little_squares_4,
          nicolae_vaults_ring_of_whatevers, nicolae_vaults_border_crossing,
          vaults_room_hallway, layout_vaults_omnicross
Vaults:2: nooodl_orcs_dogs, hangedman_vaults_restitches,
          nicolae_vaults_network_periphery, hangedman_vaults_maws,
          minmay_crypt_entry_skeletal_spiral, ontoclasm_vaults_gateway,
          vaults_room_door_hall, ontoclasm_vaults_loading_screen,
          layout_vaults_big_room
Vaults:3: st_star, nicolae_vaults_shrinking_rooms_2, v_misc_22,
          vaults_room_large_hall, v_rooms_3, nicolae_vaults_tetromino_Z_1,
          ontoclasm_vaults_ligature, vaults_room_hallway,
          nicolae_vaults_tetromino_Z_1, layout_vaults_omnigrid, serial_shops,
          shop
Vaults:4: nicolae_vaults_security_offices_1, nicolae_vaults_theta,
          nicolae_vaults_little_squares_3, nicolae_vaults_storage_closets_3,
          vaults_room_door_hall, nicolae_vaults_stairing_the_circle,
          nicolae_vaults_tetromino_Z_2, nicolae_vaults_wine_cellar,
          ontoclasm_vaults_loading_screen, layout_vaults_omnibox, serial_shops,
          shop_statue, uniq_donald
Vaults:5: serial_shops
Crypt:1:  lemuel_minitomb, layout_gridlike, grunt_crypt_arrival_webbed,
          lemuel_upstairs_altar
Crypt:2:  layout_misc_corridors, grunt_megastairs_2
Crypt:3:  quadcrypt_mu
Depths:1: layout_cave_pools, nicolae_tso_swordbearing_angel, grunt_hell_horde,
          hangedman_decor_clover_reticule, hangedman_decor_push,
          minmay_multi_spiral
Depths:2: grunt_arcs, layout_gridlike, infiniplex_staircase_pool_1, pan_entry,
          hell_entry, hangedman_abyss_entry_splay, grunt_ministairs_3
Depths:3: hangedman_cross_cluster, layout_long_grid, grunt_hell_entry_dis_old,
          nicolae_dithmenos_shadow_blocks, abyss_entry
Depths:4: grunt_zot_entry_alcove, layout_twisted_cross, enter_ziggurat_a,
          abyss_entry_crystal, serial_shops, nicolae_shop_industrial_runoff,
          hell_entry, serial_bayou_shore_b
Zot:1:    layout_cathedral_of_symmetry
Zot:2:    layout_cellular_growth, regret_index_zotdec_plus,
          lemuel_baited_zot_trap, st_stairs_7
Zot:3:    layout_misc_corridors, regret_index_zotdec_wing_it
Zot:4:    minmay_elemental_castle, layout_misc_corridors,
          regret_index_zotdec_under_construction, hellmonk_formless_pools
Zot:5:    layout_cellular_growth, grunt_ministairs_13

Skill      XL: |  1  2  3  4  5  6  7  8  9 10 11 12 13 14 15 16 17 18 19 20 21 22 23 24 25 26 |
---------------+-------------------------------------------------------------------------------+-----
Throwing       | 2 3 4 5 6 7 8 9 10 11 12 13 14 15 16 17 | 17.8
Fighting       | 2 3 4 6 7 8 9 10 11 12 13 14 15 16 17 18 19 20 | 20.9
Shapeshifting  | 1 2 3 4 5 6 7 8 9 10 11 13 15 18 20 21 22 23 24 | 24.3
Unarmed Combat | 4 5 6 8 9 10 11 12 13 15 16 17 18 19 20 21 22 23 24 | 24.4
Invocations    | 3 5 7 9 11 12 13 | 13.9
Armour         | 1 2 4 6 7 8 9 |  9.7
Dodging        | 3 4 5 6 7 8 9 10 | 10.2

Action                     |  1- 3 |  4- 6 |  7- 9 | 10-12 | 13-15 | 16-18 | 19-21 | 22-24 | 25-27 || total
---------------------------+-------+-------+-------+-------+-------+-------+-------+-------+-------++-------
  Melee: Unarmed           |    93 |   145 |   241 |   314 |   695 |   729 |   840 |  1017 |   458 ||  4532
         Punch             |     1 |     2 |    12 |    27 |    91 |    84 |   107 |       |       ||   324
  Throw: Dart              |       |       |     1 |       |       |    14 |    37 |       |       ||    52
         Boomerang         |       |       |    21 |    92 |   296 |   475 |   125 |    29 |       ||  1038
         Large rock        |       |       |     1 |     4 |    12 |    14 |    24 |     3 |    16 ||    74
         Javelin           |       |       |       |    15 |    48 |       |       |       |       ||    63
 Invoke: Divine Shield     |       |       |     1 |     5 |    14 |    44 |    37 |    40 |    31 ||   172
         Cleansing Flame   |       |       |       |       |     2 |       |       |       |     1 ||     3
         Summon Divine War |       |       |       |       |     1 |     4 |     4 |     5 |     5 ||    19
Ability: Begin Untransform |       |       |       |       |     1 |     1 |     2 |     5 |       ||     9
  Evoke: Wand              |       |       |     2 |    13 |     2 |    19 |     9 |     3 |    16 ||    64
         Phial of floods   |       |       |       |       |       |     2 |       |       |       ||     2
         Phantom mirror    |       |       |       |       |       |     1 |     1 |       |       ||     2
         Lightning rod     |       |       |       |       |       |       |       |     5 |       ||     5
         Condenser vane    |       |       |       |       |       |       |       |     1 |       ||     1
    Use: Scroll            |       |       |     3 |    14 |    21 |    12 |    11 |    17 |    10 ||    88
         Potion            |       |       |     2 |     4 |     4 |    13 |     2 |     5 |    12 ||    42
   Stab: Sleeping          |     1 |     3 |       |       |       |       |       |       |       ||     4
 Armour: Robe              |    58 |    91 |    99 |       |       |       |       |       |       ||   248
         Swamp dragon scal |       |       |    49 |   223 |   690 |   472 |       |       |       ||  1434
         Skin              |       |       |       |       |       |   242 |  1157 |  1069 |   724 ||  3192
  Dodge: Dodged            |    39 |    89 |   157 |   161 |   257 |   216 |   446 |   337 |   227 ||  1929
  Block: Other             |       |       |     1 |    33 |   284 |   297 |   378 |       |       ||   993
         Tower shield      |       |       |       |       |       |       |    50 |   623 |       ||   673
         Kite shield       |       |       |       |       |       |       |       |   623 |   648 ||  1271
   Form: Beast             |       |       |       |     1 |     1 |       |       |       |       ||     2
         Statue            |       |       |       |       |       |     1 |     2 |     5 |       ||     8

Table legend: (Time is in decaauts)
 A = Elapsed time spent in this place.
 B = Non-inter-level travel time spent in this place.
 C = Inter-level travel time spent in this place.
 D = Time resting spent in this place.
 E = Time spent auto-exploring this place.
 F = Levels seen in this place.
 G = Mean time per level.
                   A        B        C        D        E       F      G
               +--------+--------+--------+--------+--------+-----+--------+
         Total |  94577 |  82640 |  11937 |  24240 |  33604 |  53 | 1784.5 |
       Dungeon |  22561 |  17115 |   5446 |   4032 |   8884 |  15 | 1504.1 |
        Temple |    112 |    112 |      0 |      0 |      0 |   1 |  112.0 |
          Lair |   7579 |   6710 |    869 |   1755 |   3368 |   5 | 1515.8 |
        Shoals |   6306 |   5984 |    322 |   1722 |   2175 |   4 | 1576.5 |
   Spider Nest |   7402 |   6938 |    464 |   2594 |   2185 |   4 | 1850.5 |
  Orcish Mines |   3193 |   2986 |    207 |   1672 |    593 |   2 | 1596.5 |
   Elven Halls |   8176 |   7211 |    965 |   2045 |   2752 |   3 | 2725.3 |
        Vaults |  11863 |  10416 |   1447 |   2086 |   5145 |   5 | 2372.6 |
         Crypt |   7927 |   6887 |   1040 |   1796 |   3021 |   3 | 2642.3 |
        Depths |   9104 |   8275 |    829 |   2655 |   2954 |   4 | 2276.0 |
           Zot |   9312 |   8969 |    343 |   3508 |   2406 |   5 | 1862.4 |
        Bailey |    498 |    498 |      0 |    160 |     88 |   1 |  498.0 |
      Gauntlet |    537 |    537 |      0 |    210 |     33 |   1 |  537.0 |
               +--------+--------+--------+--------+--------+-----+--------+

Top non-repeatable levels by time:
 Crypt:3: 3574 daAuts
    D:15: 3341 daAuts
   Elf:2: 3214 daAuts
Depths:2: 3009 daAuts
   Zot:4: 2838 daAuts
Vaults:1: 2710 daAuts
   Zot:2: 2530 daAuts
   Elf:3: 2527 daAuts
 Crypt:1: 2509 daAuts
Vaults:4: 2498 daAuts
   Orc:1: 2436 daAuts
   Elf:1: 2434 daAuts
Vaults:3: 2420 daAuts
    D:12: 2413 daAuts
    D:10: 2413 daAuts
